 Dungeon Crawl Stone Soup version 0.27.1-34-g3ba077fa99 (webtiles) character file.

Game seed: 14605805124795878757

87 Violens the Shield-Bearer (level 4, 0/40 HPs)
             Began as a Minotaur Fighter on Jan 13, 2022.
             Slain by Grinder (1 damage)
             ... while paralysed by Grinder
             ... on level 3 of the Dungeon.
             The game lasted 00:13:31 (1631 turns).

Violens the Shield-Bearer (Minotaur Fighter)        Turns: 1631, Time: 00:13:32

Health: 0/40       AC: 11    Str: 28    XL:     4   Next: 28%
Magic:  3/3        EV:  2    Int:  5    God:
Gold:   119        SH:  0    Dex:  9    Spells: 3/3 levels left

rFire    + . .     SeeInvis .   a - +0 war axe
rCold    x . .     Faith    .   c - +0 kite shield
rNeg     . . .     Spirit   .   d - +0 plate armour
rPois    .         Reflect  .   (helmet restricted)
rElec    .         Harm     .   e - scarf {shadows}
rCorr    .         Rampage  .   (no gloves)
Will     .....                  (no boots)
Stlth    ..........             (no amulet)
HPRegen  0.13/turn              f - +6 ring of strength
MPRegen  0.08/turn              g - ring of fire

@: paralysed
A: horns 2, retaliatory headbutt
a: no special abilities


You were on level 3 of the Dungeon.
You visited 1 branch of the dungeon, and saw 3 of its levels.

You collected 119 gold pieces.

Inventory:

Hand Weapons
 a - a +0 war axe (weapon)
 b - a +1 whip of electrocution
Missiles
 h - 11 poisoned darts (quivered)
Armour
 c - a +0 kite shield (worn)
 d - a +0 plate armour (worn)
 e - a scarf of shadows (worn)
Magical Staves
 i - a staff of cold
Jewellery
 f - a +6 ring of strength (left hand)
 g - a ring of fire (right hand)
Scrolls
 j - a scroll of holy word
 n - a scroll of identify
Potions
 k - 2 potions of might
 l - a potion of flight {unknown}
 m - a potion of resistance


   Skills:
 + Level 4.0 Fighting
 + Level 3.5 Axes
 + Level 0.7(2.3) Maces & Flails
 + Level 4.3 Armour
 + Level 0.1 Dodging
 + Level 4.7 Shields


You had 3 spell levels left.
You didn't know any spells.
Your spell library was empty.

Dungeon Overview and Level Annotations

Branches:
Dungeon (3/15)

Altars:

Shops:
D:1 !

Annotations:
D:3 Grinder


Innate Abilities, Weirdness & Mutations

You have a pair of horns on your head.
You reflexively headbutt those who attack you in melee.


Message History

Grinder gestures at you.
You suddenly lose the ability to move!
Grinder hits you.
You writhe in agony.
Grinder completely misses you.
Grinder blinks!
You can move again.
Found a club.
Grinder gestures at you.
You shrug off the repeated paralysis!
You see here a bat corpse.
You hit Grinder but do no damage. Your headbutt misses Grinder.
Grinder is almost dead.
Grinder barely misses you.
You closely miss Grinder. Your headbutt misses Grinder.
Grinder is almost dead.
Grinder gestures at you.
You suddenly lose the ability to move!
Grinder blinks!
Grinder says, "My boss said I was rubbish.
His entrails said otherwise."
Grinder gestures at you.
You barely resist. Grinder gestures at you. You resist with significant effort.
You can move again.
You barely miss Grinder. Your headbutt misses Grinder.
Grinder is almost dead.
Grinder hits you but does no damage.
You hit Grinder but do no damage. Your headbutt misses Grinder.
Grinder is almost dead.
Grinder gestures at you.
You suddenly lose the ability to move!
Grinder hits you but does no damage. Grinder gestures at you.
Pain shoots through your body!
* * * LOW HITPOINT WARNING * * *
Grinder gestures at you.
You barely resist. Grinder hits you but does no damage.
Grinder gestures at you. Pain shoots through your body!
* * * LOW HITPOINT WARNING * * *
Grinder hits you.
You die...

#.# #.....#
#.####### #.#
####### #.#
#.#### ...
#.##.. #.#...
# ##.#..###.#
# ##.#...... #
##.###..5#[ #)
# #.##
##@.#.... #
##.###........
#
##.#.########
##### ##.##
#.... ###
#.### ####.###
#....)..
#.#..##.
#.#...#.


You could see Grinder.

Vanquished Creatures
  Robin (D:3)
  An adder (D:3)
  A dart slug (D:2)
  An orc (D:3)
  4 ball pythons
  2 endoplasms (D:1)
  14 goblins
  6 hobgoblins
  9 jackals (D:1)
  2 quokkas
  5 bats
  2 frilled lizards
  6 kobolds
  5 rats
  A spectral hobgoblin (D:1)
60 creatures vanquished.

Notes
Turn   | Place    | Note
-------+----------+-------------------------------------------
     0 | D:1      | Violens the Minotaur Fighter began the quest for the Orb.
     0 | D:1      | Reached XP level 1. HP: 19/19 MP: 0/0
   104 | D:1      | Reached XP level 2. HP: 20/27 MP: 1/1
   163 | D:1      | Found Vot Veor's Distillery.
   512 | D:1      | Reached XP level 3. HP: 33/33 MP: 2/2
   616 | D:1      | Found a faded altar of an unknown god.
  1541 | D:3      | Reached XP level 4. HP: 40/40 MP: 3/3
  1545 | D:3      | Noticed Robin
  1553 | D:3      | Killed Robin
  1601 | D:3      | Noticed Grinder
  1601 | D:3      | Paralysed by Grinder for 3 turns
  1611 | D:3      | Paralysed by Grinder for 5 turns
  1619 | D:3      | Paralysed by Grinder for 6 turns
  1626 | D:3      | Paralysed by Grinder for 6 turns
  1630 | D:3      | HP: 1/40 [Grinder/nerve-wracking pain (9)]
  1631 | D:3      | Slain by Grinder

Illustrated notes

Levels and vault maps discovered:
D:1:      scummos_arrival_simple_crosswalls, layout_loops_cross,
          dreamdust_ecumenical_altar_drowned_temple, serial_shops, shop_statue
D:2:      layout_loops_cross
D:3:      layout_loops_cross, glass_columns_a, uniq_robin, uniq_grinder

Skill      XL: |  1  2  3 |
---------------+----------+-----
Shields        | 4 |  4.7
Fighting       | 4 |  4.0
Armour         | 4 |  4.3
Axes           | 3 |  3.5
Maces & Flails | |  0.7
Dodging        | |  0.1

Action                   |  1- 3 |  4- 6 || total
-------------------------+-------+-------++-------
Melee: War axe           |   114 |    26 ||   140
       Headbutt          |    22 |     1 ||    23
       Whip              |    21 |       ||    21
  Use: Scroll            |     2 |       ||     2
Armor: Plate armour      |   100 |    23 ||   123
Dodge: Dodged            |    15 |     8 ||    23
Block: Kite shield       |    95 |    19 ||   114
